 Dungeon Crawl Stone Soup version 0.17.1-3-g152610e (webtiles) character file.

2941 Enish the Carver (level 9, -6/48 HPs)
             Began as a Tengu Skald on Apr 10, 2016.
             Was a Follower of Ru.
             Mangled by a killer bee (7 damage)
             ... on level 7 of the Dungeon.
             The game lasted 00:19:34 (9553 turns).

Enish the Carver (Tengu Skald)                      Turns: 9553, Time: 00:19:36

Health: -6/48      AC: 12    Str: 15    XL:     9   Next: 80%
Magic:  13/13      EV:  3    Int: 13    God:    Ru [*.....]
Gold:   305        SH:  3    Dex: 14    Spells: 0 memorised, 12 levels left

rFire  . . .     SeeInvis .     a - +3 falchion
rCold  . . .     Clarity  .     e - +1 plate armour
rNeg   . . .     SustAt   .     u - +0 buckler
rPois  .         Gourm    .     (helmet restricted)
rElec  .         Spirit   .     (no cloak)
rCorr  .         Warding  .     h - +0 pair of gloves
rMut   .         Stasis   .     (boots unavailable)
MR     .....                    (no amulet)
Stlth  ..........               (no ring)
                                (no ring)

@: lethally poisoned (-6 -> -14), about to teleport, not resistant to hostile
enchantments, extremely unstealthy
A: beak, talons 3, no ice magic, no translocations magic, no transmutations
magic, able to fly 1
a: Fly, Renounce Religion


You were on level 7 of the Dungeon.
You worshipped Ru.
Ru was aware of your devotion.
You were hungry.

You visited 1 branch of the dungeon, and saw 8 of its levels.

You collected 305 gold pieces.

Inventory:

Hand Weapons
 a - a +3 falchion (weapon)
 A - a +0 falchion
Armour
 e - a +1 plate armour (worn)
 h - a +0 pair of gloves (worn)
 u - a +0 buckler (worn)
 B - a +3 chain mail
Jewellery
 f - an uncursed ring of ice
Wands
 b - a wand of digging (14)
 n - a wand of flame (22)
 s - a wand of digging (20)
 v - a wand of cold (0)
 y - a wand of lightning (9)
 D - a wand of flame (29)
Scrolls
 k - 5 scrolls of remove curse
 m - 2 scrolls of recharging {unknown}
 o - a scroll of enchant weapon {unknown}
 q - 2 scrolls of summoning {unknown}
 r - a scroll of blinking {unknown}
 w - a scroll of teleportation
 z - a scroll of magic mapping {unknown}
 E - a scroll of identify
Potions
 i - a potion of agility {unknown}
 l - 3 potions of brilliance
Books
 c - a book of Battle

   Spells                             Type                      Level
   a - Infusion                       Charms                       1
   b - Shroud of Golubria             Charms/Translocation         2
   c - Song of Slaying                Charms                       2
   d - Spectral Weapon                Hexes/Charms                 3
   e - Regeneration                   Charms/Necromancy            3
Comestibles
 d - 9 bread rations
 j - a beef jerky
 p - 5 meat rations
 t - a royal jelly
 F - 4 fruits


   Skills:
 - Level 2.0 Fighting
 - Level 14.0 Long Blades
 * Level 1.1 Armour
 - Level 1.1 Dodging
 - Level 2.0 Spellcasting
   Level 2.4 Charms


You had 12 spell levels left.
You didn't know any spells.

Dungeon Overview and Level Annotations

Branches:
Dungeon (8/15)             Temple (0/1) D:6
   Lair: D:8-11

Altars:
Cheibriados
Elyvilon
Gozag
Kikubaaqudgha
Nemelex Xobeh
Okawaru
Ru
Trog
Vehumet
Xom
Zin

Shops:
D:6 }

Annotations:
D:5 Eustachio


Innate Abilities, Weirdness & Mutations

You have a beak for a mouth.
You have claws for feet.
You cannot study or cast Ice magic.
You cannot study or cast Translocations magic.
You cannot study or cast Transmutations magic.
You can fly.


Message History

You miss the killer bee. Your kick misses the killer bee.
The killer bee is almost dead.
The killer bee stings you.
* * * LOW HITPOINT WARNING * * *
The killer bee barely misses you.
The killer bee is stunned by your will and fails to attack.
Unknown command.
You closely miss the killer bee.
The killer bee is almost dead.
The killer bee is stunned by your will and fails to attack.
The killer bee stings you but does no damage. x2
Read which item? (? for menu, Esc to quit)
As you read the scroll of teleportation, it crumbles to dust.
You feel strangely unstable. The killer bee stings you.
* * * LOW HITPOINT WARNING * * *
The killer bee stings you.
* * * LOW HITPOINT WARNING * * *
You are lethally poisoned!
The killer bee poisons you! The killer bee stings you!
You die...

#.# #.# #.#####
#...... ###
####...... #..
.......... #.#
####...... #######
#y# #...... #.....#
#@# #......
###.....# #y#
###.... ........#
#.# #....
........###### #.#
#.... ..........#..#
#.. #####....
..........#..# ###
..........
..........#..#
######....
..........#..#
#......
..........#..#####.#
#......


You could see 2 killer bees.

Vanquished Creatures
  Erolcha (D:8)
  2 yaks
  Menkaure (D:6)
  Edmund (D:4)
  An orc warrior (D:8)
  A black bear (D:6)
  2 ogres (D:5)
  A centaur (D:8)
  3 giant frogs (D:6)
  The ghost of oldnick the Magician, an amateur DEWz (D:6)
  3 scorpions
  3 wights (D:6)
  A giant frog zombie (D:7)
  2 crimson imps
  3 hounds
  5 orc priests
  Ijyb (D:2)
  A centaur skeleton (D:6)
  2 giant frog skeletons
  4 worker ants
  3 orc wizards
  2 iguanas
  A hound skeleton (D:6)
  11 adders
  4 gnolls (D:4)
  An ooze (D:2)
  An adder skeleton (D:6)
  2 worms (D:3)
  7 giant geckos
  22 orcs
  7 giant cockroaches
  14 goblins
  12 hobgoblins
  11 jackals
  7 kobolds
  2 quokkas
  9 ball pythons (D:3)
  6 bats
  5 giant newts
  A quokka skeleton (D:5)
  3 rats
170 creatures vanquished.

Vanquished Creatures (others)
  A wight (D:6)
1 creature vanquished.

Grand Total: 171 creatures vanquished

Notes
Turn   | Place    | Note
--------------------------------------------------------------
     0 | D:1      | Enish the Tengu Skald began the quest for the Orb.
     0 | D:1      | Reached XP level 1. HP: 12/12 MP: 4/4
   311 | D:1      | Reached XP level 2. HP: 15/17 MP: 6/6
   408 | D:1      | Reached skill level 3 in Long Blades
  1328 | D:2      | Reached XP level 3. HP: 11/21 MP: 7/7
  1660 | D:2      | Found a sacrificial altar of Ru.
  1670 | D:2      | Reached skill level 4 in Long Blades
  1673 | D:2      | Reached XP level 4. HP: 26/26 MP: 8/8
  1843 | D:2      | Became a worshipper of Ru the Awakened
  1928 | D:2      | Noticed Ijyb
  1943 | D:2      | Killed Ijyb
  1943 | D:2      | Reached skill level 5 in Long Blades
  2254 | D:2      | Gained mutation: You can fly. [Tengu growth]
  2254 | D:2      | Reached XP level 5. HP: 27/30 MP: 9/9
  2781 | D:3      | Reached skill level 6 in Long Blades
  3095 | D:3      | Found a bloodstained altar of Trog.
  3197 | D:3      | Found an ancient bone altar of Kikubaaqudgha.
  3233 | D:3      | HP: 1/30 [orc/hand axe of chopping (3)]
  3576 | D:3      | Gained mutation: You cannot study or cast Ice magic. [Ru sacrifice]
  3576 | D:3      | Gained mutation: You cannot study or cast Transmutations magic. [Ru sacrifice]
  3576 | D:3      | Gained mutation: You cannot study or cast Translocations magic. [Ru sacrifice]
  3576 | D:3      | Reached * piety under Ru
  3842 | D:3      | Found an iron altar of Okawaru.
  4123 | D:4      | Noticed Edmund
  4158 | D:4      | Killed Edmund
  4158 | D:4      | Reached skill level 7 in Long Blades
  4158 | D:4      | Reached XP level 6. HP: 2/35 MP: 10/10
  4839 | D:4      | Reached skill level 8 in Long Blades
  4839 | D:4      | Reached XP level 7. HP: 13/40 MP: 11/11
  5623 | D:5      | Entered Level 5 of the Dungeon
  5623 | D:5      | Found a shimmering altar of Xom.
  5667 | D:5      | Found a sparkling altar of Nemelex Xobeh.
  5675 | D:5      | Found a white marble altar of Elyvilon.
  5676 | D:5      | Found a radiant altar of Vehumet.
  5682 | D:5      | Found a snail-covered altar of Cheibriados.
  5743 | D:5      | Reached skill level 9 in Long Blades
  6585 | D:5      | Reached XP level 8. HP: 31/44 MP: 12/12
  6826 | D:5      | Noticed Eustachio
  6848 | D:4      | Reached skill level 10 in Long Blades
  7181 | D:6      | Found Nuxug's Gadget Emporium.
  7396 | D:6      | Found a sparkling altar of Nemelex Xobeh.
  7400 | D:6      | Found a white marble altar of Elyvilon.
  7430 | D:6      | Found a glowing silver altar of Zin.
  7557 | D:6      | Found a staircase to the Ecumenical Temple.
  7618 | D:6      | Reached skill level 11 in Long Blades
  7797 | D:6      | Noticed oldnick's ghost (amateur DEWz)
  7808 | D:6      | Killed oldnick's ghost
  8117 | D:6      | Reached skill level 12 in Long Blades
  8117 | D:6      | Reached XP level 9. HP: 44/48 MP: 13/13
  8261 | D:6      | Noticed Menkaure
  8265 | D:6      | Killed Menkaure
  9095 | D:8      | Reached skill level 13 in Long Blades
  9325 | D:8      | Found an opulent altar of Gozag.
  9326 | D:8      | Noticed Erolcha
  9335 | D:8      | Killed Erolcha
  9348 | D:8      | Reached skill level 14 in Long Blades
  9553 | D:7      | HP: 1/48 [killer bee (5)]
  9553 | D:7      | Mangled by a killer bee

Action                   |  1- 3 |  4- 6 |  7- 9 || total
-------------------------+-------+-------+-------++-------
Melee: Falchion          |    84 |   305 |   423 ||   812
Invok: Sacrifice Arcana  |       |     1 |       ||     1
       Reject Sacrifices |       |       |     1 ||     1
Evoke: Wand              |       |       |     4 ||     4
  Use: Scroll            |     3 |     2 |     5 ||    10
       Potion            |       |     3 |     8 ||    11
 Stab: Paralysed         |     1 |       |       ||     1
       Distracted        |       |     1 |       ||     1
       Invisible         |       |       |     2 ||     2
  Eat: Chunk             |     2 |     6 |     8 ||    16
       Meat ration       |       |     1 |     1 ||     2
       Pizza             |       |       |     1 ||     1
